 Dungeon Crawl Stone Soup version 0.18-a0-775-g4d9e04e (webtiles) character file.

129 JokEr the Sneak (level 5, -3/28 HPs)
             Began as a Vine Stalker Assassin on Dec 13, 2015.
             Slain by JokEr's ghost (5 damage)
             ... on level 3 of the Dungeon.
             The game lasted 00:04:42 (2088 turns).

JokEr the Sneak (Vine Stalker Assassin)             Turns: 2088, Time: 00:04:43

Health: -3/28      AC: 12    Str: 14    XL:     5   Next: 12%
Magic:  0/6        EV:  0    Int: 11    God:
Gold:   144        SH:  7    Dex: 16    Spells: 0 memorised, 4 levels left

rFire  . . .     SeeInvis .     x - +0 dagger (curse)
rCold  . . .     Clarity  .     l - +0 plate armour
rNeg   . . .     SustAt   .     s - +0 shield
rPois  .         Gourm    .     (no helmet)
rElec  .         Spirit   +     d - +0 cloak
rCorr  .         Dismiss  .     o - +0 pair of gloves
rMut   .         Stasis   .     (no boots)
MR     .....                    (no amulet)
Stlth  ..........               (no ring)
                                (no ring)

@: not resistant to hostile enchantments, extremely unstealthy
A: fangs 2, regeneration 1, magic shield, antimagic bite, no device heal 3, rot
immunity
a: no special abilities


You were on level 3 of the Dungeon.
You were not hungry.

You visited 1 branch of the dungeon, and saw 3 of its levels.

You collected 144 gold pieces.

Inventory:

Hand Weapons
 a - a +3 dagger
 b - a +0 blowgun
 x - a cursed +0 dagger (weapon)
Missiles
 e - 8 poisoned needles
 f - 2 curare-tipped needles
Armour
 d - a +0 cloak (worn)
 l - a +0 plate armour (worn)
 o - a +0 pair of gloves (worn)
 s - a +0 shield (worn)
Jewellery
 j - a cursed ring of loudness
Wands
 y - a wand of digging (18)
Scrolls
 k - 2 scrolls of identify
 n - a scroll of teleportation
Potions
 c - a potion of heal wounds {unknown}
 h - 3 potions of curing
 p - a potion of ambrosia {unknown}
 q - 2 potions of agility {unknown}
 t - a potion of might {unknown}
 u - a potion of cancellation {unknown}
 w - a potion of lignification {unknown}
Comestibles
 g - a bread ration
 i - 3 fruits
 m - a royal jelly
 r - a meat ration
 v - a slice of pizza


   Skills:
 + Level 3.2 Fighting
 + Level 2.8 Short Blades
 - Level 1.7 Throwing
 - Level 0.7 Dodging
 + Level 5.9 Stealth


You had 4 spell levels left.
You didn't know any spells.

Dungeon Overview and Level Annotations

Branches:
Dungeon (3/15)

Altars:
Qazlal

Annotations:
D:3 JokEr's ghost, amateur DrFi


Innate Abilities, Weirdness & Mutations

You have extremely sharp teeth.
Your natural rate of healing is unusually fast.
When hurt, damage is shared between your health and your magic reserves.
Your bite disrupts and absorbs the magic of your enemies.
Potions and wands cannot restore your health.
You are immune to rotting.


Message History

JokEr's ghost is heavily damaged.
JokEr's ghost hits you.
* * * LOW HITPOINT WARNING * * *
You closely miss JokEr's ghost.
JokEr's ghost is heavily damaged.
JokEr's ghost hits you.
* * * LOW HITPOINT WARNING * * *
You hit JokEr's ghost but do no damage.
JokEr's ghost is heavily damaged.
JokEr's ghost hits you but does no damage.
You hit JokEr's ghost but do no damage. You bite JokEr's ghost.
You drain its power.
You feel invigorated.
JokEr's ghost is heavily damaged.
You hit JokEr's ghost but do no damage. Your bite misses JokEr's ghost.
JokEr's ghost is heavily damaged.
JokEr's ghost completely misses you.
Your shield and plate armour prevent you from hitting JokEr's ghost.
JokEr's ghost is heavily damaged.
You block JokEr's ghost's attack. JokEr's ghost hits you!
You die...

#...###########.#
#...# ##8## #.#
###.# ...8# #.#
#.# ...# #.. ##.#
..._ #.# #..#
...# ##..# #..##
###...# ##...
#.@.### #....
#W### ##... #...#
#...# ......#
#.... .........#
##.#.
............. #.
. ...........###
..........##
#...##...##


You could see JokEr's ghost.

Vanquished Creatures
  8 adders
  An ooze (D:2)
  A giant gecko (D:2)
  An orc (D:3)
  8 bats
  2 giant cockroaches
  5 goblins
  3 hobgoblins
  7 jackals
  6 kobolds
  2 giant newts
  16 rats
60 creatures vanquished.

Notes
Turn   | Place    | Note
--------------------------------------------------------------
     0 | D:1      | JokEr the Vine Stalker Assassin began the quest for the Orb.
     0 | D:1      | Reached XP level 1. HP: 11/11 MP: 2/2
    10 | D:1      | Reached skill level 5 in Stealth
    19 | D:1      | Reached XP level 2. HP: 8/15 MP: 1/3
   604 | D:1      | Reached XP level 3. HP: 14/19 MP: 4/4
  1152 | D:2      | Reached XP level 4. HP: 23/23 MP: 5/5
  1814 | D:3      | Reached XP level 5. HP: 2/28 MP: 1/6
  2037 | D:3      | Found a stormy altar of Qazlal.
  2047 | D:3      | Noticed JokEr's ghost (amateur DrFi)
  2084 | D:3      | HP: 1/28 [JokEr's ghost (2)]
  2088 | D:3      | Slain by JokEr's ghost

Vault maps used:
D:1:      erik_arrival_orb_chamber, serial_forest, infiniplex_forest_lined_2,
          infiniplex_forest_straight_2, infiniplex_forest_clump_small,
          infiniplex_forest_straight_2, infiniplex_forest_clump_diagonal,
          infiniplex_forest_pool, minmay_misc_feat_enclosed
D:3:      nicolae_overflow_hidden_temple, first_bread

Action                   |  1- 3 |  4- 6 || total
-------------------------+-------+-------++-------
Melee: Dagger            |   118 |   135 ||   253
  Use: Scroll            |     2 |     2 ||     4
       Potion            |       |     1 ||     1
 Stab: Sleeping          |     7 |       ||     7
  Eat: Bread ration      |       |     1 ||     1
       Chunk             |       |     1 ||     1
